 Dungeon Crawl Stone Soup version 0.21.1-1-g345015f (webtiles) character file.

48253 zishaf the Fighter (level 14, -9/132 HPs)
             Began as a Minotaur Berserker on May 7, 2018.
             Was the Champion of Trog.
             Mangled by a komodo dragon (21 damage)
             ... on level 6 of the Lair of Beasts.
             The game lasted 00:58:27 (20809 turns).

zishaf the Fighter (Minotaur Berserker)            Turns: 20809, Time: 00:58:28

Health: -9/132     AC: 20    Str: 21    XL:     14   Next: 11%
Magic:  16/16      EV: 16    Int:  7    God:    Trog [******]
Gold:   1079       SH:  0    Dex: 19    Spells: 13/13 levels left

rFire    + . .     SeeInvis .   N - +8 spear of Gozag's Hope {holy, rF+ Str-2 Int+3 Dex+5}
rCold    . . .     Gourm    +   (no shield)
rNeg     . . .     Faith    .   i - +0 plate armour
rPois    .         Spirit   .   (helmet restricted)
rElec    .         Reflect  .   x - scarf {repulsion}
rCorr    +         Harm     .   p - +0 pair of gloves
MR       +....                  G - +0 pair of boots (curse)
Stlth    ..........             L - amulet of the gourmand
HPRegen  0.32/turn              y - ring of resist corrosion
MPRegen  0.15/turn              (no ring)

@: repel missiles
A: retaliatory headbutt, hooves 1, horns 2, repulsion field 1, slimy green
scales 1, evolution 1, no potion heal 1
a: Berserk, Trog's Hand, Brothers in Arms, Burn Spellbooks, Renounce Religion


You were on level 6 of the Lair of Beasts.
You worshipped Trog.
Trog was exalted by your worship.
You were not hungry.

You visited 2 branches of the dungeon, and saw 18 of its levels.

You collected 1079 gold pieces.

Inventory:

Hand Weapons
 j - a +1 glaive of freezing
 v - a +3 whip
 z - a +3 scimitar of flaming
 A - a +4 flail
 B - a +0 flail of protection
 C - a +2 quarterstaff of speed
 N - the +8 spear of Gozag's Hope (weapon) {holy, rF+ Str-2 Int+3 Dex+5}
   (You found it on level 4 of the Lair of Beasts)

   It has been blessed by the Shining One to cause great damage to the undead
   and demons.
   It affects your strength (-2).
   It affects your intelligence (+3).
   It affects your dexterity (+5).
   It protects you from fire.
Armour
 i - a +0 plate armour (worn)
 p - a +0 pair of gloves (worn)
 x - a scarf of repulsion (worn)
 G - a cursed +0 pair of boots (worn)
Jewellery
 q - an uncursed amulet of harm
 y - a ring of resist corrosion (left hand)
 I - an uncursed amulet of magic regeneration
 L - an amulet of the gourmand (around neck)
Wands
 a - a wand of polymorph (20)
 d - a wand of iceblast (13)
 f - a wand of flame (82)
 k - a wand of enslavement (9)
 r - a wand of scattershot (3)
 J - a wand of acid (22)
 M - a wand of clouds (5)
Scrolls
 e - 14 scrolls of identify
 g - 2 scrolls of enchant armour
 h - 3 scrolls of teleportation
 m - a scroll of fear
 n - 5 scrolls of magic mapping
 t - 4 scrolls of remove curse
 w - a scroll of enchant weapon
 F - a scroll of immolation
 H - 4 scrolls of fog
Potions
 b - a potion of heal wounds
 l - a potion of resistance
 o - a potion of lignification
 s - 3 potions of curing
 u - a potion of invisibility
 E - 4 potions of brilliance
 K - a potion of agility
 O - a potion of haste
Miscellaneous
 D - a phantom mirror
Comestibles
 c - 38 rations


   Skills:
 - Level 14.2 Fighting
 - Level 8.0 Long Blades
 - Level 11.3 Maces & Flails
 + Level 10.9 Polearms
 + Level 12.4 Armour
 + Level 11.8 Dodging
 * Level 5.0 Evocations


You had 13 spell levels left.
You didn't know any spells.

Dungeon Overview and Level Annotations

Branches:
Dungeon (12/15)            Temple (0/1) D:4            Lair (6/6) D:9
  Swamp (0/4) Lair:3       Spider (0/4) Lair:2          Orc (0/2) D:11
  Slime: Lair:5-6

Altars:
Elyvilon
Fedhas
Gozag
Makhleb
Qazlal
Ru
Vehumet
Xom
Zin

Portals:
Trove: D:11 (give +3 ice dragon scales)


Innate Abilities, Weirdness & Mutations

You reflexively headbutt those who attack you in melee.
You have a pair of horns on your head.
You have large cloven feet.
You are surrounded by a mild repulsion field. (EV +2)
You are partially covered in slimy green scales. (AC +2)
You evolve.
Potions are less effective at restoring your health.


Message History

Your plate armour prevents you from hitting the komodo dragon.
The komodo dragon is moderately wounded.
You recover from your berserk rage.
The komodo dragon bites you but does no damage.
You hit the komodo dragon but do no damage.
Your headbutt misses the komodo dragon.
The komodo dragon is moderately wounded.
You puncture the komodo dragon!
The komodo dragon is heavily wounded.
The komodo dragon barely misses you.
You hit the komodo dragon.
The komodo dragon is severely wounded.
The komodo dragon bites you!!
* * * LOW HITPOINT WARNING * * *
You hit the komodo dragon.
The komodo dragon is almost dead.
You hit the komodo dragon. Your headbutt misses the komodo dragon.
The komodo dragon is almost dead.
The komodo dragon bites you!!
You die...

..................
...........†......
..........<.......
............♣♣..≈≈ ♣
............♣ ≈≈♣
.........♣♣♣♣♣ ≈≈♣
.........♣♣♣.♣ ≈≈≈≈
........♣.♣PP♣ .≈;≈≈
........♣♣†@♣♣..≈≈≈≈
#..P.♣♣♣♣.♣♣l...≈≈≈≈
####. ♣♣P♣♣♣..♣≈≈≈ #
♣.. ..≈≈ ♣♣♣ .≈≈≈
≈≈≈ ≈≈ ≈


You could see a komodo dragon.

Vanquished Creatures
  Nessos (Lair:5)
  Azrael (D:12)
  A catoblepas (Lair:6)
  5 hydras
  4 two-headed ogres
  A death yak (Lair:3)
  2 wolf spiders (Lair:2)
  A manticore (D:10)
  An ugly thing (D:12)
  6 elephants (Lair:5)
  A centaur zombie (D:12)
  A black mamba (Lair:5)
  A torpor snail (Lair:4)
  The ghost of bnns the Charmwright, a novice GnSk (D:4)
  4 spiny frogs
  A kobold demonologist (D:12)
  2 gargoyles
  5 komodo dragons
  A troll (D:11)
  A hornet (D:9)
  4 hippogriffs
  13 blink frogs
  A redback (Lair:2)
  Sigmund (D:5)
  4 wyverns
  A hungry ghost (D:7)
  3 fire bats (D:5)
  37 yaks
  5 fire elementals (D:12)
  2 basilisks
  2 hell hounds (D:12)
  An acid dragon (D:11)
  8 water moccasins
  10 porcupines
  3 orc warriors
  A black bear (Lair:6)
  2 ice beasts (D:7)
  2 sky beasts
  3 necrophages
  8 wolves
  3 phantoms
  9 ogres
  8 centaurs
  8 crocodiles
  2 big kobolds
  12 bullfrogs
  A gnoll sergeant (D:12)
  3 wyvern skeletons
  2 scorpions
  6 killer bees (D:10)
  4 wights (D:9)
  A howler monkey (D:9)
  4 electric eels
  7 crimson imps
  A bullfrog zombie (D:12)
  10 hounds
  14 orc wizards
  2 jellies
  A centaur skeleton (D:11)
  8 orc priests
  5 bullfrog skeletons
  4 iguanas
  8 hell rats (Lair:3)
  9 worker ants
  A hound zombie (D:7)
  2 hound skeletons
  3 worker ant zombies
  3 gnolls (D:12)
  16 adders
  14 river rats (Lair:3)
  4 shadow imps
  4 worms
  3 dart slugs
  4 leopard geckos
  42 orcs
  7 giant cockroaches
  3 goblins
  9 hobgoblins
  17 jackals
  11 quokkas
  3 ball pythons
  6 bats
  4 frilled lizards
  20 kobolds
  A leopard gecko skeleton (D:6)
  17 rats
  2 plants (Lair:6)
480 creatures vanquished.

Vanquished Creatures (others)
  A yak (Lair:6)
  A sky beast (D:10)
  A wolf (Lair:6)
  An orc (D:9)
  6 fungi
  7 plants
17 creatures vanquished.

Grand Total: 497 creatures vanquished

Notes
Turn   | Place    | Note
-------+----------+-------------------------------------------
     0 | D:1      | zishaf the Minotaur Berserker began the quest for the Orb.
     0 | D:1      | Reached XP level 1. HP: 19/19 MP: 0/0
   148 | D:1      | Reached XP level 2. HP: 24/27 MP: 1/1
   175 | D:1      | Reached skill level 4 in Fighting
   516 | D:2      | Reached XP level 3. HP: 23/33 MP: 2/2
   699 | D:2      | Reached ** piety under Trog
  1040 | D:2      | Reached XP level 4. HP: 35/41 MP: 3/3
  1746 | D:3      | Noticed a hippogriff
  1753 | D:3      | Killed a hippogriff
  1753 | D:3      | Reached skill level 5 in Fighting
  1753 | D:3      | Reached skill level 5 in Maces & Flails
  1753 | D:3      | Reached XP level 5. HP: 10/49 MP: 4/4
  1753 | D:3      | Reached XP level 6. HP: 12/56 MP: 5/5
  2378 | D:3      | Reached skill level 5 in Armour
  2616 | D:3      | Reached skill level 6 in Fighting
  2617 | D:3      | Reached *** piety under Trog
  3219 | D:4      | Noticed bnns's ghost (novice GnSk)
  3235 | D:4      | Killed bnns's ghost
  3235 | D:4      | Reached XP level 7. HP: 49/64 MP: 6/6
  3545 | D:4      | Reached skill level 7 in Fighting
  3714 | D:4      | Found a blossoming altar of Fedhas.
  3729 | D:4      | Reached XP level 8. HP: 13/73 MP: 7/7
  4185 | D:4      | Found a staircase to the Ecumenical Temple.
  4439 | D:5      | Entered Level 5 of the Dungeon
  4439 | D:5      | Found a transporter.
  4793 | D:5      | Reached **** piety under Trog
  4830 | D:5      | Found a transporter.
  4832 | D:5      | Reached skill level 8 in Fighting
  5185 | D:5      | Noticed Sigmund
  5194 | D:5      | Killed Sigmund
  5340 | D:5      | Reached XP level 9. HP: 61/82 MP: 8/8
  5366 | D:5      | Reached skill level 5 in Polearms
  5932 | D:6      | Reached skill level 9 in Fighting
  6129 | D:6      | Found a radiant altar of Vehumet.
  6286 | D:7      | Noticed a gargoyle
  6290 | D:7      | Killed a gargoyle
  6639 | D:7      | Found a sacrificial altar of Ru.
  6639 | D:7      | Found a glowing silver altar of Zin.
  6645 | D:7      | Found an opulent altar of Gozag.
  6647 | D:7      | Found a shimmering altar of Xom.
  6648 | D:7      | Found a stormy altar of Qazlal.
  6701 | D:8      | Reached ***** piety under Trog
  6771 | D:8      | Noticed a two-headed ogre
  6775 | D:8      | Killed a two-headed ogre
  6775 | D:8      | Reached skill level 10 in Fighting
  6775 | D:8      | Reached XP level 10. HP: 93/93 MP: 9/9
  7684 | D:9      | Reached skill level 10 in Armour
  7795 | D:9      | Reached skill level 10 in Polearms
  7841 | D:9      | Found a burning altar of Makhleb.
  8468 | D:9      | Found a staircase to the Lair.
  8633 | D:9      | Got a pitted leather armour
  8634 | D:9      | Identified the +3 leather armour "Uwelagh" {rC++} (You found it on level 9 of the Dungeon)
  8711 | D:9      | Reached skill level 11 in Fighting
  9533 | D:10     | Entered Level 10 of the Dungeon
  9689 | D:10     | Noticed a two-headed ogre
  9691 | D:10     | Noticed a manticore
  9709 | D:10     | Killed a two-headed ogre
  9709 | D:10     | Reached skill level 5 in Dodging
  9709 | D:10     | Reached XP level 11. HP: 94/102 MP: 10/10
 10708 | D:10     | Reached skill level 12 in Fighting
 10721 | D:10     | Found an opulent altar of Gozag.
 10806 | D:10     | Got a warped robe
 10808 | D:10     | Identified the +2 robe "Ufioblem" {Str+3} (You found it on level 10 of the Dungeon)
 10846 | D:10     | Noticed a two-headed ogre
 10856 | D:10     | Killed a two-headed ogre
 10856 | D:10     | Reached skill level 10 in Maces & Flails
 11068 | D:10     | Noticed a two-headed ogre
 11073 | D:10     | Killed a two-headed ogre
 11142 | D:10     | Reached ****** piety under Trog
 11316 | Lair:1   | Entered Level 1 of the Lair of Beasts
 11556 | D:9      | Reached skill level 13 in Fighting
 11556 | D:9      | Reached skill level 10 in Dodging
 11556 | D:9      | Reached XP level 12. HP: 115/115 MP: 11/11
 11682 | Lair:1   | Noticed a six-headed hydra
 11903 | D:11     | Found a white marble altar of Elyvilon.
 11943 | D:11     | Found a portal to a secret trove of treasure.
 12254 | D:11     | Found a staircase to the Orcish Mines.
 12975 | D:12     | Received a gift from Trog
 13315 | D:12     | Noticed Azrael
 13332 | D:12     | Killed Azrael
 13332 | D:12     | Reached skill level 14 in Fighting
 13672 | Lair:1   | Killed a two-headed hydra
 13672 | Lair:1   | Reached XP level 13. HP: 22/124 MP: 12/12
 15167 | Lair:2   | Reached skill level 5 in Long Blades
 15594 | Lair:2   | Found a hole to the Spider Nest.
 16419 | Lair:2   | Gained mutation: Potions are less effective at restoring your health. [potion of mutation]
 16419 | Lair:2   | Gained mutation: Your spells are a little harder to cast, but a little more powerful. [potion of mutation]
 16421 | Lair:2   | Lost mutation: Your spells are a little harder to cast, but a little more powerful. [potion of mutation]
 16421 | Lair:2   | Gained mutation: You are partially covered in slimy green scales. (AC +2) [potion of mutation]
 16421 | Lair:2   | Gained mutation: You evolve. [potion of mutation]
 16833 | Lair:3   | Found a staircase to the Swamp.
 17211 | Lair:3   | Gained mutation: You have large cloven feet. [evolution]
 18258 | Lair:4   | Got a shimmering spear
 18260 | Lair:4   | Identified the +8 spear of Gozag's Hope {holy, rF+ Str-2 Int+3 Dex+5} (You found it on level 4 of the Lair of Beasts)
 18270 | Lair:4   | Reached skill level 1 in Evocations
 19851 | Lair:5   | Noticed Nessos
 19876 | Lair:5   | Killed Nessos
 19876 | Lair:5   | Reached XP level 14. HP: 29/132 MP: 16/16
 20592 | Lair:6   | Entered Level 6 of the Lair of Beasts
 20619 | Lair:5   | Gained mutation: You are surrounded by a mild repulsion field. (EV +2) [evolution]
 20778 | Lair:6   | Reached skill level 5 in Evocations
 20809 | Lair:6   | Mangled by a komodo dragon

Skill      XL: |  1  2  3  4  5  6  7  8  9 10 11 12 13 14 |
---------------+-------------------------------------------+-----
Fighting       | 4 5 6 7 8 10 11 13 14 | 14.2
Maces & Flails | 4 5 6 7 9 10 11 | 11.3
Armour         | 3 4 6 8 9 10 12 | 12.4
Polearms       | 4 9 10 | 10.9
Dodging        | 5 10 11 | 11.8
Long Blades    | 2 8 |  8.0
Evocations     | 4 5 |  5.0

Action                   |  1- 3 |  4- 6 |  7- 9 | 10-12 | 13-15 || total
-------------------------+-------+-------+-------+-------+-------++-------
Melee: Mace              |    77 |   114 |    78 |       |       ||   269
       Headbutt          |    10 |    16 |    33 |   100 |   182 ||   341
       Glaive            |       |       |   147 |    66 |       ||   213
       Flail             |       |       |       |   366 |   221 ||   587
       Scimitar          |       |       |       |     5 |   101 ||   106
       Spear             |       |       |       |       |   304 ||   304
Invok: Berserk           |       |     3 |     4 |     8 |     9 ||    24
       Trog's Hand       |       |       |     3 |     3 |     1 ||     7
       Burn Spellbooks   |       |       |       |     1 |       ||     1
  Use: Potion            |       |     4 |     1 |    10 |     6 ||    21
       Scroll            |       |     4 |     6 |    10 |     3 ||    23
 Stab: Petrified         |       |       |       |       |     1 ||     1
  Eat: Chunk             |       |     9 |     9 |    22 |    32 ||    72
       Ration            |       |       |     3 |     3 |     1 ||     7
Armor: Animal skin       |     9 |     4 |       |       |       ||    13
       Ring mail         |       |    22 |    21 |       |       ||    43
       Leather armour    |       |     6 |       |    39 |       ||    45
       Plate armour      |       |       |    72 |   186 |   278 ||   536
       Skin              |       |       |       |       |    33 ||    33
Dodge: Dodged            |    63 |    65 |    98 |   232 |   287 ||   745
       Deflected         |       |       |     4 |    25 |     3 ||    32
       Rpst.: Scimitar   |       |       |       |       |    15 ||    15
